 Dungeon Sprint DCSS version 0.27-a0-96-gb51a1d6fd6 (webtiles) character file.

Game seed: 4982730534297651903

62 mhtbhm the Digger (level 3, -2/19 HPs)
             Began as a Deep Elf Earth Elementalist on Jan 21, 2021.
             Slain by a centaur (9 damage)
             ... in the Dungeon (Sprint IX: "|||||||||||||||||||||||||||||").
             The game lasted 00:00:37 (288 turns).

mhtbhm the Digger (Deep Elf Earth Elementalist)      Turns: 288, Time: 00:00:38

Health: -2/19      AC:  2    Str:  5    XL:     3   Next: 85%
Magic:  12/12      EV: 14    Int: 20    God:
Gold:   0          SH:  0    Dex: 15    Spells: 13/14 levels left

rFire    . . .     SeeInvis .   (no weapon)
rCold    . . .     Faith    .   (no shield)
rNeg     . . .     Spirit   .   c - +0 robe
rPois    .         Reflect  .   (no helmet)
rElec    .         Harm     .   (no cloak)
rCorr    .         Rampage  .   (no gloves)
Will     .....     NoTele   +   (no boots)
Stlth    ++........             (no amulet)
HPRegen  0.06/turn              (no ring)
MPRegen  0.13/turn              (no ring)

@: no status effects
A: no striking features
a: no special abilities


You were in the Dungeon.
You visited 1 branch

Inventory:

Missiles
 b - 18 stones
Armour
 c - a +0 robe (worn)
Scrolls
 i - a scroll of blinking
Potions
 d - a potion of curing
 f - a potion of haste
 g - a potion of magic
 h - a potion of berserk rage


   Skills:
 + Level 3.5 Dodging
 - Level 3.3 Stealth
 + Level 6.0 Spellcasting
 + Level 1.1 Transmutations
 + Level 7.0 Earth Magic


You had 13 spell levels left.
You knew the following spells:

 Your Spells              Type           Power        Failure   Level
a - Sandblast             Erth           68%          1%          1

Your spell library contained the following spells:

 Spells                   Type           Power        Failure   Level
 Passwall                 Tmut/Erth      18%          3%          2
 Stone Arrow              Conj/Erth      40%          8%          3
 Lee's Rapid Deconstruct  Erth           17%          16%         5
 Petrify                  Tmut/Erth      22%          19%         4


Dungeon Overview and Level Annotations

Branches:
Dungeon (1/1)

Altars:


Message History

Okay, then.
Unknown command.
Okay, then.
Casting: Sandblast (safe; 1% risk of failure)
Confirm with . or Enter, or press ? or * to list all spells.
Aiming: Sandblast (safe; 1% risk of failure)
Press: ? - help, Shift-Dir - straight line, f - centaur
Aim: a centaur, quivering 16 arrows (11% to evade)
The blast of sand hits the leopard gecko!
You kill the leopard gecko!
The centaur wields a +2 shortbow of flaming.
It bursts into flame!
The centaur shoots an arrow.
The arrow hits you! The arrow burns you.
Your Spellcasting skill increases to level 6!
Unknown command.
The centaur unwields a +2 shortbow of flaming.
It stops flaming.
The centaur barely misses you.
You see here a leopard gecko corpse.
Magic courses through your body. The centaur hits you!
You die... ▓▓▓▓▓▓▓▓▓▓▓▓▓▓▓▓▓▓ +.....)...÷÷÷.c@<▓ ▓▓▓▓▓▓▓▓▓▓▓▓▓▓▓▓▓▓

You could see a centaur.

Vanquished Creatures
  An orc wizard (D)
  A worker ant (D)
  2 leopard geckos (D)
  An orc (D)
  2 jackals (D)
  A bat (D)
  A frilled lizard (D)
9 creatures vanquished.

Notes
Turn   | Place    | Note
-------+----------+-------------------------------------------
     0 | D        | mhtbhm the Deep Elf Earth Elementalist began the quest for
                  | the Orb.
     0 | D        | Reached XP level 1. HP: 10/10 MP: 6/6
     6 | D        | Reached skill level 4 in Earth Magic
   269 | D        | Noticed a centaur
   269 | D        | Noticed an orc wizard
   269 | D        | Noticed a worker ant
   272 | D        | Killed a worker ant
   273 | D        | Reached skill level 6 in Earth Magic
   273 | D        | Reached XP level 2. HP: 6/15 MP: 4/9
   273 | D        | Reached XP level 3. HP: 7/19 MP: 4/11
   277 | D        | Reached skill level 5 in Spellcasting
   277 | D        | Reached skill level 7 in Earth Magic
   288 | D        | Slain by a centaur

Illustrated notes

Levels and vault maps discovered:
D:        linesprint [early_d, line_temple, items_1, d_10, items_2, lair_1,
          lair_end, items_3, orc_1, orc_end, items_4, d_15, swamp_1, shoals_1,
          snake_1, spider_1, d_20, vaults_1, items_5, swamp_end, shoals_end,
          snake_end, spider_end, vaults_end, d_27, items_6, zot_1, zot_end,
          crypt_end, forest_end, elf_end, slime_end, tomb_end, abyss_end,
          pan_hell_end]

Skill      XL: |  1  2  3 |
---------------+----------+-----
Earth Magic    | 6 7 |  7.0
Dodging        | 3 |  3.5
Stealth        | 3 |  3.3
Spellcasting   | 4 6 |  6.0
Transmutations | |  1.1

Action                   || total
-------------------------++-------
 Cast: Sandblast         ||    12
  Use: Potion            ||     2
Armor: Robe              ||     1
Dodge: Dodged            ||     7

Table legend: (Time is in decaauts)
 A = Elapsed time spent in this place.
 B = Non-inter-level travel time spent in this place.
 C = Inter-level travel time spent in this place.
 D = Time resting spent in this place.
 E = Time spent auto-exploring this place.
 F = Levels seen in this place.
 G = Mean time per level.
                   A        B        C        D        E       F      G
               +--------+--------+--------+--------+--------+-----+--------+
         Total |    288 |    288 |      0 |    254 |      3 |   1 |  288.0 |
       Dungeon |    288 |    288 |      0 |    254 |      3 |   1 |  288.0 |
               +--------+--------+--------+--------+--------+-----+--------+

Top non-repeatable levels by time:
       D: 288 daAuts
